Map: Proxima Station LE

Players

Ghost

  • Race: Terran Terran
  • Spawn Location: 7:00

Pokebunny - Winner!

  • Race: Terran Terran
  • Spawn Location: 1:00

Event: WCS Austin 2017

VOD

Have the link to the VOD?

Description

Time

  • Played on: April 28, 2017, 3:12 p.m.
  • Length: 7:46

All games in this series

Show
View Real Time Build Order
Export as new Build Order

Ghost Terran 

Build Orders: Cyclone Opening, Reaper Expand 

Get SALT Encoding   

  12  0:00  SCV  
  13  0:13  SCV  
  14  0:17  Supply Depot  
  14  0:25  SCV  
  14  0:27  Refinery  
  15  0:39  SCV  
  16  0:45  Barracks  
  16  0:53  SCV  
  17  1:05  SCV  
  18  1:17  SCV  
  19  1:33  Reaper  
  19  1:34  Orbital Command  
  20  1:49  Command Center  
  20  1:59  Factory  
  20  2:06  Barracks Reactor  
  20  2:09  SCV  
  20  2:12  Refinery  
  21  2:20  Supply Depot  
  21  2:25  SCV  
  22  2:37  SCV  
  22  2:43  Marine x2  
  25  2:45  Cyclone  
  25  2:49  SCV  
  29  3:04  Marine x2  
  30  3:06  Orbital Command  
  30  3:14  Starport  
  30  3:22  Marine  
  30  3:24  Marine  
  32  3:29  SCV  
  33  3:39  Cyclone  
  33  3:40  SCV  
  37  3:43  Marine  
  37  3:44  Marine  
  39  3:50  SCV  
  39  3:54  Medivac  
  42  3:58  SCV  
  43  4:03  Marine  
  43  4:04  Supply Depot  
  43  4:05  Marine  
  43  4:08  SCV  
  46  4:23  Factory Tech Lab  
  46  4:26  Marine x2, SCV x2  
  46  4:29  Viking  
  47  4:48  Marine x2  
  47  5:07  Marine, SCV x2  
  48  5:08  Siege Tank  
  52  5:19  Marine  
  53  5:25  Marine  
  54  5:29  Supply Depot, Barracks  
  54  5:34  Supply Depot  
  54  5:51  Siege Tank, Marine, SCV x2  
  54  5:52  Viking  
  62  6:04  Supply Depot  
  62  6:15  Marine x2  
  61  6:24  SCV x2  
  55  6:28  Command Center  
  55  6:33  Marine x2  
  55  6:36  SCV  
  55  6:37  Barracks Tech Lab  
  52  6:40  Siege Tank  
  52  6:45  SCV  
  53  6:49  Starport Reactor  
  53  6:53  Marine x2  
  56  6:54  Barracks, SCV  
  56  7:01  SCV  
  57  7:11  SCV  
  57  7:13  Marine x2, Siege Tank  
  57  7:14  Marine  
  64  7:17  SCV  
  65  7:27  Supply Depot  
  66  7:32  SCV x2  
Show
View Real Time Build Order
Export as new Build Order

Pokebunny Terran - Winner!

Build Orders: Reaper Expand 

Get SALT Encoding   

  12  0:00  SCV  
  13  0:12  SCV  
  14  0:17  Supply Depot  
  14  0:24  SCV  
  15  0:28  Refinery  
  15  0:39  SCV  
  16  0:45  Barracks  
  16  0:51  SCV  
  17  1:03  SCV  
  18  1:15  SCV  
  19  1:31  Orbital Command  
  19  1:32  Reaper  
  20  1:43  Command Center  
  20  1:53  Factory  
  20  1:57  SCV  
  21  2:02  Refinery  
  21  2:06  Barracks Reactor  
  21  2:09  SCV  
  22  2:16  Supply Depot  
  22  2:21  SCV  
  23  2:37  Starport, SCV  
  23  2:43  Marine x2  
  26  2:47  Widow Mine  
  26  2:49  SCV  
  29  2:55  Orbital Command  
  29  3:02  Marine x2  
  29  3:04  SCV  
  32  3:15  Medivac  
  32  3:16  Factory Tech Lab  
  34  3:20  SCV  
  34  3:21  Marine x2, SCV  
  38  3:29  Supply Depot  
  38  3:32  SCV  
  38  3:33  SCV  
  39  3:40  Factory Tech Lab, Supply Depot  
  39  3:41  Marine x2  
  40  3:45  SCV x2  
  43  3:53  Refinery  
  43  3:55  Raven  
  45  3:58  SCV x2  
  45  3:59  Marine x2  
  49  4:11  SCV x2  
  49  4:12  Siege Tank  
  49  4:13  Supply Depot  
  49  4:16  Marine  
  49  4:17  Marine  
  56  4:36  SCV x2  
  60  4:48  SCV x2  
  60  4:52  Siege Tank  
  61  4:56  Barracks  
  61  4:57  Starport Reactor  
  58  5:01  Barracks  
  58  5:10  Marine  
  58  5:12  Stimpack, SCV  
  58  5:13  SCV  
  56  5:21  Supply Depot  
  56  5:24  Refinery, SCV  
  56  5:25  Siege Tank  
  56  5:26  SCV  
  56  5:27  Engineering Bay, Marine  
  62  5:29  Engineering Bay, Command Center  
  62  5:37  Viking  
  62  5:38  Viking  
  62  5:41  SCV  
  62  5:42  SCV  
  68  5:47  Marine x2  
  68  5:49  Barracks Reactor  
  70  5:53  Marine  
  71  6:00  Supply Depot, SCV x2  
  73  6:04  Siege Tank  
  73  6:07  Marine x2  
  78  6:22  SCV x2  
  78  6:23  Marine  
  78  6:25  Marine x2  
  81  6:30  Barracks  
  81  6:31  Barracks  
  80  6:34  SCV x2  
  80  6:39  Marine x2  
  84  6:41  Medivac x2, Siege Tank  
  84  6:45  Orbital Command  
  84  6:46  SCV x2  
  93  6:50  Marine  
  93  6:51  Marine x2  
  96  6:56  Supply Depot  
  96  6:57  Supply Depot  
  96  6:59  Armory  
  96  7:01  SCV  
  97  7:04  SCV  
  98  7:13  Siege Tank  
  101  7:18  SCV x3  
  104  7:23  Supply Depot  
  104  7:26  Barracks Reactor x2  
  108  7:35  Supply Depot  
Tags
 
Add a new tag
Caveats
  • Supply blocks, unpowered buildings, or Contaminate may cause inaccurate times.
  • Supply counts are checked every 10 seconds.